 Dungeon Crawl Stone Soup version 0.21.1-1-g345015f (webtiles) character file.

77391 nicolaieve the Severer (level 15, -9/137 HPs)
             Began as a Minotaur Berserker on June 12, 2018.
             Was the Champion of Trog.
             Mangled by a soul eater (17 damage)
             ... summoned by an orc high priest
             ... on level 2 of the Orcish Mines.
             The game lasted 01:45:46 (19169 turns).

nicolaieve the Severer (Minotaur Berserker)        Turns: 19169, Time: 01:45:47

Health: -9/137     AC: -3    Str: 25    XL:     15   Next: 15%
Magic:  14/14      EV: 10    Int:  4    God:    Trog [******]
Gold:   2251       SH:  0    Dex: 13    Spells: 14/14 levels left

rFire    . . .     SeeInvis +   L - +4 battleaxe (flame)
rCold    . . .     Gourm    .   (shield currently unavailable)
rNeg     . . .     Faith    .   x - +6 plate armour of the Realm of Zot {*Drain rElec rPois SInv}
rPois    +         Spirit   .   (helmet restricted)
rElec    +         Reflect  +   H - +1 cloak
rCorr    .         Harm     .   E - +2 pair of gloves {archery}
MR       +++..                  (no boots)
Stlth    ..........             I - +3 amulet of reflection
HPRegen  1.32/turn              P - +3 ring of protection
MPRegen  0.14/turn              M - ring of poison resistance

@: confused, corroded, berserk cooldown, regenerating, hasted and slowed,
heavily drained
A: retaliatory headbutt, horns 2
a: Berserk, Trog's Hand, Brothers in Arms, Burn Spellbooks, Renounce Religion


You were on level 2 of the Orcish Mines.
You worshipped Trog.
Trog was exalted by your worship.
You were very hungry.

You visited 5 branches of the dungeon, and saw 21 of its levels.

You collected 2251 gold pieces.

Inventory:

Hand Weapons
 L - a +4 battleaxe of flaming (weapon)
 N - a +0 demon whip
 O - a cursed +4 battleaxe of freezing
 W - a +1 battleaxe of electrocution
Missiles
 r - 466 stones (quivered)
Armour
 a - a +0 shield
 x - the +6 plate armour of the Realm of Zot (worn) {*Drain rElec rPois SInv}
   (You found it on level 7 of the Dungeon)

   It insulates you from electricity.
   It protects you from poison.
   It lets you see invisible.
   It causes draining when unequipped.
 E - a +2 pair of gloves of archery (worn)
 H - a +1 cloak (worn)
Jewellery
 f - an uncursed ring of ice
 m - a +3 ring of strength
 I - a +3 amulet of reflection (around neck)
 K - an uncursed amulet of the gourmand
 M - a ring of poison resistance (right hand)
 P - a +3 ring of protection (left hand)
Wands
 b - a wand of disintegration (32)
 y - a wand of enslavement (20)
 D - a wand of acid (7)
 G - a wand of iceblast (7)
 Q - a wand of random effects (41)
 V - a wand of scattershot (3)
 Y - a wand of polymorph (13)
Scrolls
 d - 4 scrolls of enchant weapon
 p - 4 scrolls of enchant armour
 q - a scroll of immolation
 s - 4 scrolls of amnesia
 u - 3 scrolls of teleportation {unknown}
 w - 4 scrolls of fear
 B - 7 scrolls of remove curse
 F - 2 scrolls of summoning {unknown}
 T - a scroll of torment {unknown}
 U - a scroll of vulnerability {unknown}
 X - 2 scrolls of blinking {unknown}
 Z - 3 scrolls of magic mapping {unknown}
Potions
 e - a potion of berserk rage
 h - a potion of mutation
 j - 10 potions of curing
 k - 2 potions of lignification
 l - 3 potions of haste
 n - a potion of magic
 o - a potion of brilliance
 t - 3 potions of cancellation
 v - 3 potions of agility
 z - 4 potions of resistance
 A - 3 potions of heal wounds
 C - 3 potions of might
Miscellaneous
 J - a sack of spiders
 R - a phantom mirror
Comestibles
 c - 25 rations
 i - 7 chunks of flesh


   Skills:
 * Level 13.8(12.2) Fighting
 + Level 20.4(18.5) Axes
 + Level 17.3(15.6) Armour
 * Level 5.6(4.3) Dodging
 - Level 3.1(1.9) Stealth
 - Level 1.0(0.0) Shields


You had 14 spell levels left.
You didn't know any spells.

Dungeon Overview and Level Annotations

Branches:
Dungeon (11/15)            Temple (0/1) D:7            Lair (6/6) D:10
  Swamp (1/4) Lair:2        Snake (1/4) Lair:2        Slime (0/5) Lair:5
    Orc (2/2) D:11
    Elf: Orc:2

Altars:
Dithmenos
Fedhas
Gozag
Qazlal
Xom
Yredelemnul
Zin
The Shining One
Jiyva

Shops:
D:6 :   D:9 ![([

Annotations:
Snake:1 NorthaanB's ghost, adept GnWz


Innate Abilities, Weirdness & Mutations

You reflexively headbutt those who attack you in melee.
You have a pair of horns on your head.


Message History

You feel much better.
You feel the effects of Trog's Hand fading.
The rust devil hits you.
* * * LOW HITPOINT WARNING * * *
The rust devil corrodes you! The red devil barely misses you.
The soul eater hits you!
* * * LOW HITPOINT WARNING * * *
The rust devil hits you!
* * * LOW HITPOINT WARNING * * *
The rust devil corrodes you! The red devil completely misses you.
The soul eater hits you.
* * * LOW HITPOINT WARNING * * *
You feel drained.
You feel yourself speed up. The rust devil hits you.
* * * LOW HITPOINT WARNING * * *
The rust devil corrodes you!
The red devil hits you from afar with a trident.
* * * LOW HITPOINT WARNING * * *
The soul eater hits you!
You die...

##)))# ##...... #o..##
#....... #...##
##...... #..†.###
###.....
##.....#######
##.......
##..........#
#........
##.4.......###.......#
###.34)..).#)..#.#..#
##@....))...####...
####..)(#.## ##.#
##.)#### ### #.....#
##....# #......
.......# .........
.........


You could see a soul eater, a rust devil, a red devil and an orc priest (inner
flame).

Vanquished Creatures
  Rupert (Snake:1)
  The ghost of emiel the Fighter, a journeyman OgWn of Cheibriados (Lair:6)
  Aizul (Snake:1)
  4 hydras
  3 anacondas (Snake:1)
  2 catoblepae
  Erica (D:10)
  Urug (D:10)
  A shock serpent (Snake:1)
  2 orc high priests (Orc:2)
  A salamander mystic (Snake:1)
  5 swamp dragons (Lair:2)
  The ghost of inc the Basher, a novice OpFi of Gozag (D:9)
  A lindwurm (Lair:5)
  5 orc knights
  A cyclops (D:11)
  2 mana vipers (Snake:1)
  2 orc sorcerers (Orc:2)
  Joseph (D:7)
  9 black mambas
  A centaur zombie (D:11)
  4 naga magi (Snake:1)
  13 elephants
  15 spiny frogs
  3 torpor snails (Lair:6)
  7 komodo dragons
  6 rime drakes
  3 hornets (Lair:6)
  11 polar bears
  A queen bee (D:8)
  A troll (D:11)
  A tyrant leech (Lair:2)
  Prince Ribbit (D:7)
  4 slime creatures (Lair:2)
  10 hippogriffs
  22 blink frogs
  12 dream sheep
  Sigmund (D:2)
  A wyvern (D:10)
  14 spriggans (Lair:6)
  Eustachio (D:4)
  38 yaks
  2 wraiths (D:7)
  6 basilisks
  2 vampire mosquitoes (Lair:2)
  A hungry ghost (D:7)
  6 wargs
  Edmund (D:6)
  10 nagas
  3 swamp worms (Lair:2)
  6 porcupines
  7 water moccasins
  A black bear (Lair:6)
  15 orc warriors
  2 phantoms
  4 ice beasts
  32 wolves
  An eye of draining (D:9)
  10 ogres
  2 necrophages (D:7)
  5 boggarts (Lair:6)
  7 centaurs
  16 crocodiles
  The ghost of inc the Conjurer, an amateur OpCj (D:4)
  2 big kobolds
  17 bullfrogs
  2 gnoll sergeants (D:7)
  An elf zombie (D:7)
  2 scorpions
  2 jellies
  13 killer bees (D:8)
  8 wights
  3 howler monkeys (D:7)
  2 electric eels
  6 crimson imps
  A quasit (D:9)
  3 human zombies (D:7)
  15 orc priests
  6 hounds
  29 orc wizards
  A gnoll shaman (Orc:2)
  A centaur skeleton (D:4)
  Jessica (D:2)
  A human skeleton (D:7)
  Natasha (thrice) (D:2)
  3 iguanas
  7 worker ants
  A killer bee zombie (D:6)
  3 hound skeletons
  2 mummies (D:7)
  A howler monkey zombie (D:9)
  2 worker ant zombies
  Robin (D:3)
  8 gnolls (D:7)
  9 adders
  2 shadow imps
  An ooze (D:2)
  An adder skeleton (D:4)
  2 adder zombies
  4 worms
  6 leopard geckos
  101 orcs
  7 bats
  6 giant cockroaches
  6 hobgoblins
  12 jackals
  19 kobolds
  5 quokkas
  9 frilled lizards
  12 goblins
  A jackal zombie (D:6)
  A leopard gecko skeleton (D:6)
  A leopard gecko zombie (D:6)
  An orc skeleton (D:7)
  A quokka skeleton (D:4)
  A quokka zombie (D:7)
  6 rats
  A fungus (Lair:3)
  3 plants
720 creatures vanquished.

Vanquished Creatures (others)
  An orc (Orc:2)
  A kobold (D:3)
  11 fungi
  A plant (Lair:4)
14 creatures vanquished.

Grand Total: 734 creatures vanquished

Notes
Turn   | Place    | Note
-------+----------+-------------------------------------------
     0 | D:1      | nicolaieve the Minotaur Berserker began the quest for the Orb.
     0 | D:1      | Reached XP level 1. HP: 19/19 MP: 0/0
    81 | D:1      | Reached skill level 4 in Axes
   193 | D:1      | Reached XP level 2. HP: 21/27 MP: 1/1
   962 | D:2      | Reached XP level 3. HP: 33/33 MP: 2/2
   964 | D:2      | Reached skill level 5 in Axes
  1013 | D:2      | Noticed Sigmund
  1023 | D:2      | HP: 1/33 [Sigmund/scythe (8)]
  1025 | D:2      | Killed Sigmund
  1025 | D:2      | Reached ** piety under Trog
  1025 | D:2      | Reached skill level 7 in Axes
  1025 | D:2      | Reached XP level 4. HP: 1/40 MP: 3/3
  1025 | D:2      | Reached XP level 5. HP: 2/46 MP: 4/4
  1517 | D:2      | Noticed Jessica
  1521 | D:2      | Killed Jessica
  1547 | D:2      | Found a glowing silver altar of Zin.
  1677 | D:2      | Found a glowing golden altar of the Shining One.
  1680 | D:2      | Noticed Natasha
  1689 | D:2      | Killed Natasha
  1689 | D:2      | Reached skill level 8 in Axes
  1689 | D:2      | Reached XP level 6. HP: 39/52 MP: 5/5
  1848 | D:2      | Noticed Natasha
  1856 | D:2      | Killed Natasha
  1896 | D:2      | Noticed Natasha
  1904 | D:2      | Killed Natasha
  2268 | D:3      | Found an opulent altar of Gozag.
  2294 | D:3      | Found a stormy altar of Qazlal.
  2355 | D:3      | Reached skill level 9 in Axes
  2359 | D:3      | Reached *** piety under Trog
  2692 | D:3      | Noticed Robin
  2706 | D:3      | Killed Robin
  3330 | D:4      | Reached XP level 7. HP: 57/58 MP: 6/6
  3369 | D:4      | Found a shimmering altar of Xom.
  3439 | D:4      | Found a shadowy altar of Dithmenos.
  3498 | D:4      | Noticed Eustachio
  3504 | D:4      | Killed Eustachio
  3504 | D:4      | Reached skill level 10 in Axes
  3715 | D:4      | Noticed inc's ghost (amateur OpCj)
  3732 | D:4      | Killed inc's ghost
  3984 | D:4      | Found a blossoming altar of Fedhas.
  4465 | D:5      | Entered Level 5 of the Dungeon
  4496 | D:5      | Noticed a hippogriff
  4508 | D:5      | Killed a hippogriff
  4508 | D:5      | Reached skill level 11 in Axes
  4508 | D:5      | Reached XP level 8. HP: 18/66 MP: 7/7
  4725 | D:5      | Reached skill level 12 in Axes
  4825 | D:5      | Reached **** piety under Trog
  5139 | D:6      | Noticed Edmund
  5161 | D:6      | Killed Edmund
  5305 | D:6      | Reached skill level 13 in Axes
  5704 | D:6      | Found Keotzy's Book Emporium.
  5925 | D:7      | Reached XP level 9. HP: 64/72 MP: 8/8
  6064 | D:7      | Got a jewelled plate armour
  6187 | D:7      | Noticed Prince Ribbit
  6216 | D:7      | Killed Prince Ribbit
  6346 | D:7      | Noticed Joseph
  6359 | D:7      | Killed Joseph
  6359 | D:7      | Reached skill level 5 in Fighting
  6359 | D:7      | Reached skill level 14 in Axes
  6413 | D:7      | Reached ***** piety under Trog
  6441 | D:7      | Found a staircase to the Ecumenical Temple.
  6452 | D:7      | Reached skill level 5 in Armour
  6809 | D:7      | Found a basalt altar of Yredelemnul.
  6848 | D:7      | Reached XP level 10. HP: 79/83 MP: 9/9
  7018 | D:7      | Identified the +6 plate armour of the Realm of Zot {*Drain rElec rPois SInv} (You found it on level 7 of the Dungeon)
  7377 | D:8      | Reached skill level 15 in Axes
  7796 | D:9      | Found Kawk's Antique Weapon Emporium.
  7853 | D:9      | Found Dady's Antique Armour Shoppe.
  7911 | D:9      | Found Efaesab's Distillery.
  8118 | D:9      | Received a gift from Trog
  8227 | D:9      | Found Koerghunk's Armour Emporium.
  8438 | D:9      | Noticed inc's ghost (novice OpFi)
  8447 | D:9      | Killed inc's ghost
  8628 | D:10     | Entered Level 10 of the Dungeon
  9003 | D:10     | Noticed Erica
  9009 | D:10     | Killed Erica
  9009 | D:10     | Reached skill level 16 in Axes
  9124 | D:10     | Noticed Urug
  9128 | D:10     | Reached XP level 11. HP: 79/92 MP: 10/10
  9135 | D:10     | Found a staircase to the Lair.
  9140 | D:10     | Killed Urug
  9946 | Lair:1   | Entered Level 1 of the Lair of Beasts
 10159 | Lair:1   | Noticed an eight-headed hydra
 10165 | Lair:1   | Reached skill level 17 in Axes
 10172 | Lair:1   | Killed a two-headed hydra
 10802 | Lair:2   | Reached skill level 10 in Armour
 10825 | Lair:2   | Noticed a six-headed hydra
 10837 | Lair:2   | Killed a two-headed hydra
 10837 | Lair:2   | Reached skill level 18 in Axes
 10848 | Lair:2   | Found a staircase to the Snake Pit.
 11101 | Lair:2   | Noticed a catoblepas
 11108 | Lair:2   | Killed a catoblepas
 11108 | Lair:2   | Reached XP level 12. HP: 89/100 MP: 11/11
 11139 | Lair:2   | Received a gift from Trog
 11266 | Lair:2   | Found a transporter.
 11295 | Lair:2   | Found a transporter.
 11649 | Lair:2   | Found a staircase to the Swamp.
 11727 | Lair:2   | Reached skill level 19 in Axes
 12145 | Snake:1  | Entered Level 1 of the Snake Pit
 12295 | Snake:1  | Noticed an anaconda
 12296 | Snake:1  | Noticed an anaconda
 12316 | Snake:1  | Killed an anaconda
 12316 | Snake:1  | Reached skill level 20 in Axes
 12317 | Snake:1  | Killed an anaconda
 12317 | Snake:1  | Reached XP level 13. HP: 44/107 MP: 12/12
 12556 | Snake:1  | Noticed Aizul
 12579 | Snake:1  | Killed Aizul
 12579 | Snake:1  | Reached skill level 1 in Shields
 12583 | Snake:1  | Noticed Rupert
 12589 | Snake:1  | Killed Rupert
 12799 | Snake:1  | Noticed NorthaanB's ghost (adept GnWz)
 12998 | Swamp:1  | Entered Level 1 of the Swamp
 13416 | Lair:3   | Reached skill level 15 in Armour
 13834 | Lair:4   | Reached skill level 10 in Fighting
 14658 | Lair:5   | Reached XP level 14. HP: 122/122 MP: 13/13
 14681 | Lair:5   | Found a viscous altar of Jiyva.
 14682 | Lair:5   | Found a staircase to the Slime Pits.
 15405 | Lair:6   | Entered Level 6 of the Lair of Beasts
 15455 | Lair:6   | Received a gift from Trog
 15685 | Lair:6   | Reached skill level 1 in Stealth
 16087 | Lair:6   | Reached ****** piety under Trog
 16090 | Lair:6   | Reached skill level 5 in Dodging
 16273 | Lair:6   | Received a gift from Trog
 17111 | Lair:6   | Noticed emiel's ghost (journeyman OgWn)
 17126 | Lair:6   | Killed emiel's ghost
 17410 | D:11     | Found a staircase to the Orcish Mines.
 17696 | D:11     | Received a gift from Trog
 18270 | Orc:1    | Entered Level 1 of the Orcish Mines
 18394 | Orc:1    | Received a gift from Trog
 18699 | Orc:1    | Reached XP level 15. HP: 136/136 MP: 14/14
 18735 | Orc:1    | Received a gift from Trog
 18857 | Orc:2    | Entered Level 2 of the Orcish Mines
 19166 | Orc:2    | HP: 3/137 [red devil/trident[an orc high priest] (7)]
 19169 | Orc:2    | Mangled by a soul eater

Skill      XL: |  1  2  3  4  5  6  7  8  9 10 11 12 13 14 |
---------------+-------------------------------------------+-----
Axes           | 4 7 8 9 11 13 14 16 18 20 | 20.4
Fighting       | 4 6 7 10 13 | 13.8
Armour         | 3 5 8 10 12 15 17 | 17.3
Dodging        | 4 5 |  5.6
Shields        | 1 |  1.0
Stealth        | 3 |  3.1

Action                   |  1- 3 |  4- 6 |  7- 9 | 10-12 | 13-15 || total
-------------------------+-------+-------+-------+-------+-------++-------
Melee: Hand axe          |    46 |   126 |   399 |   130 |       ||   701
       Headbutt          |     5 |    24 |    91 |    99 |   151 ||   370
       Battleaxe         |       |       |       |   282 |   684 ||   966
Invok: Berserk           |     1 |     1 |     5 |     6 |     8 ||    21
       Trog's Hand       |       |       |     1 |     2 |     5 ||     8
       Brothers in Arms  |       |       |       |     3 |       ||     3
  Use: Scroll            |       |    11 |     4 |     2 |     7 ||    24
       Potion            |       |       |       |       |     9 ||     9
  Eat: Chunk             |       |     9 |    15 |    10 |    19 ||    53
       Ration            |       |       |     1 |     5 |     3 ||     9
Armor: Ring mail         |    19 |    43 |       |       |       ||    62
       Scale mail        |       |       |   111 |     1 |       ||   112
       Plate armour      |       |       |       |   246 |   462 ||   708
Dodge: Dodged            |    25 |    83 |   138 |   175 |   286 ||   707
Block: Other             |     6 |    22 |    23 |    42 |    58 ||   151
       Reflection        |       |     1 |     2 |     1 |       ||     4
